 Dungeon Crawl Stone Soup version 0.28-a0-804-g60983d4ba9 (webtiles) character file.

Game seed: 16401221092071694521

107983 vurker the Thaumaturge (level 15, 0/128 HPs)
             Began as a Demigod Air Elementalist on Nov 7, 2021.
             Slain by a storm dragon simulacrum (14 damage)
             ... in an ice cave.
             The game lasted 00:49:33 (35285 turns).

vurker the Thaumaturge (Demigod Air Elementalist)  Turns: 35285, Time: 00:49:34

Health: 0/128      AC: 11    Str:  9    XL:     15   Next: 53%
Magic:  32/47      EV: 11    Int: 46    God:
Gold:   394        SH:  7    Dex: 14    Spells: 28/42 levels left

rFire   + + +      SeeInvis +   p - staff of air
rCold   + . .      Faith    .   q - +2 buckler {AC+3}
rNeg    + . .      Spirit   .   s - +0 leather armour of Erghuel {rF++ rC+ Regen+}
rPois   .          Reflect  .   O - +1 helmet {Int+3}
rElec   +          Harm     .   o - +1 cloak
rCorr   .          Rampage  .   E - +0 pair of gloves
Will    +....                   (no boots)
Stlth   ++........              h - amulet of magic regeneration
HPRegen 1.31/turn               L - +6 ring of intelligence
MPRegen 0.55/turn               a - ring "Ugiory" {rF+ rN+ MP+9 SInv}

@: very slightly contaminated, invisible
A: high mp 1, forlorn
a: no special abilities


You were in an ice cave.
You visited 3 branches of the dungeon, and saw 23 of its levels.
You also visited: Sewer and Ice Cave.

You collected 1910 gold pieces.
You spent 1516 gold pieces at shops.

Inventory:

Armour
 o - a +1 cloak (worn)
   (You found it on level 2 of the Dungeon)
 q - a +2 buckler of protection (worn)
   (You bought it in a shop on level 9 of the Dungeon)
 s - the +0 leather armour of Erghuel (worn) {rF++ rC+ Regen+}
   (You bought it in a shop on level 2 of the Orcish Mines)

   rF:        It greatly protects you from fire.
   rC:        It protects you from cold.
   Regen:     It increases your rate of health regeneration.
 E - a +0 pair of gloves (worn)
   (You found it on level 10 of the Dungeon)
 O - a +1 helmet of intelligence (worn)
   (You found it on level 6 of the Lair of Beasts)
Magical Staves
 c - a staff of cold
   (You found it on level 1 of the Dungeon)
 p - a staff of air (weapon)
   (You found it on level 6 of the Dungeon)
Jewellery
 a - the ring "Ugiory" (right hand) {rF+ rN+ MP+9 SInv}
   (You bought it in a shop on level 1 of the Orcish Mines)

   [ring of positive energy]

   rF:        It protects you from fire.
   rN:        It protects you from negative energy.
   MP:        It affects your magic capacity (+9).
   SInv:      It lets you see invisible.
 h - an amulet of magic regeneration (around neck)
   (You found it on level 7 of the Dungeon)
 r - a ring of willpower
   (You found it on level 3 of the Dungeon)
 L - a +6 ring of intelligence (left hand)
   (You found it on level 3 of the Dungeon)
Wands
 d - a wand of iceblast (9)
   (You found it on level 8 of the Dungeon)
 f - a wand of mindburst (14)
   (You found it on level 5 of the Lair of Beasts)
 m - a wand of polymorph (7)
   (You found it on level 3 of the Dungeon)
 t - a wand of flame (73)
   (You found it on level 3 of the Dungeon)
 u - a wand of paralysis (21)
   (You found it on level 1 of the Lair of Beasts)
 v - a wand of digging (11)
   (You found it on level 5 of the Dungeon)
 x - a wand of acid (6)
   (You found it on level 6 of the Lair of Beasts)
 I - a wand of charming (11)
   (You found it on level 11 of the Dungeon)
Scrolls
 i - a scroll of fear
 j - 2 scrolls of magic mapping
 y - 8 scrolls of identify
 G - 7 scrolls of amnesia
 K - 6 scrolls of teleportation
Potions
 b - 2 potions of cancellation
 e - 3 potions of mutation
 g - 4 potions of brilliance
 k - 2 potions of haste
 n - a potion of magic
 w - 8 potions of curing
 A - 2 potions of attraction
 B - a potion of resistance
 C - 4 potions of flight
 M - 2 potions of lignification
 N - a potion of ambrosia
Miscellaneous
 H - a condenser vane (inert)
   (You found it on level 11 of the Dungeon)
 J - a phantom mirror (inert)
   (You found it on level 11 of the Dungeon)


   Skills:
 + Level 10.9 Fighting
 - Level 1.7 Dodging
 - Level 1.7 Stealth
 - Level 4.0 Shields
 * Level 14.2 Spellcasting
 - Level 3.0 Conjurations
 + Level 13.9 Air Magic
 * Level 12.1 Earth Magic


You had 28 spell levels left.
You knew the following spells:

 Your Spells              Type           Power      Damage    Failure   Level
a - Shock                 Conj/Air       100%       1d9       1%          1
b - Shatter               Erth           49%        3d37*     100%        9
c - Airstrike             Air            63%        N/A       1%          4

Your spell library contained the following spells:

 Spells                   Type           Power      Damage    Failure   Level
 Sandblast                Erth           100%       2d20      0%          1
 Swiftness                Air            100%       N/A       0%          3
 Magic Dart               Conj           100%       1d8       1%          1
 Slow                     Hex            100%       N/A       1%          1
 Sting                    Tmut/Pois      100%       1d8       1%          1
 Blink                    Tloc           64%        N/A       1%          2
 Call Imp                 Summ           32%        N/A       1%          2
 Corpse Rot               Necr/Air       100%       N/A       1%          2
 Passwall                 Tmut/Erth      60%        N/A       1%          2
 Poisonous Vapours        Pois/Air       100%       N/A       1%          2
 Static Discharge         Conj/Air       100%       N/A       1%          2
 Mephitic Cloud           Conj/Pois/Air  91%        N/A       1%          3
 Stone Arrow              Conj/Erth      100%       3d13      1%          3
 Confusing Touch          Hex            32%        N/A       3%          3
 Frozen Ramparts          Ice            64%        1d8       3%          3
 Inner Flame              Hex/Fire       32%        N/A       3%          3
 Cause Fear               Hex            16%        N/A       11%         4
 Dispel Undead            Necr           32%        3d14      11%         4
 Ice Form                 Ice/Tmut       32%        N/A       11%         4
 Olgreb's Toxic Radiance  Pois           32%        N/A       11%         4
 Summon Ice Beast         Ice/Summ       32%        N/A       11%         4
 Irradiate                Conj/Tmut      23%        3d21      16%         5
 Blade Hands              Tmut           16%        N/A       30%         5
 Manifold Assault         Tloc           32%        N/A       30%         5
 Yara's Violent Unravell  Hex/Tmut       16%        3d8       30%         5
 Storm Form               Tmut/Air       49%        N/A       45%         7
 Death Channel            Necr           16%        N/A       86%         6
 Dragon Form              Tmut           16%        N/A       100%        7
 Discord                  Hex            16%        N/A       100%        8
 Chain Lightning          Conj/Air       52%        3d70      100%        9
 Fire Storm               Conj/Fire      23%        8d6       100%        9


Dungeon Overview and Level Annotations

Branches:
Dungeon (15/15)            Temple (0/1) D:5            Lair (6/6) D:8
  Swamp (0/4) Lair:4       Spider (0/4) Lair:2        Slime (0/5) Lair:6
    Orc (2/2) D:10            Elf (0/3) Orc:2        Vaults (0/5) D:13
  Sewer (visited)           IceCv (1/1)
 Depths: D:15

Shops:
D:9 *:[   Orc:1 =   Orc:2 (([(

Portals:
Abyss: Lair:2

Annotations:
D:3 3 runed translucent doors, corax's ghost, amateur OpDe; kae's ghost, amateur MfSu; kal9871's ghost, amateur DrTm; kal9871's ghost, amateur TrBe
Lair:2 2 transporters, Tribosh's ghost, journeyman OpFi
Lair:6 3 runed translucent doors, kae's ghost, journeyman DrTm


Innate Abilities, Weirdness & Mutations

Your attributes grow dramatically as you level up.
You have an increased reservoir of magic. (+10% MP)
You shall have no god before yourself.


Message History

* * * LOW HITPOINT WARNING * * *
The storm dragon simulacrum claws you.
* * * LOW HITPOINT WARNING * * *
The storm dragon simulacrum freezes you!
You resist.
* * * LOW HITPOINT WARNING * * *
The storm dragon simulacrum closely misses you.
You feel much better.
The storm dragon simulacrum barely misses you.
The storm dragon simulacrum claws you.
* * * LOW HITPOINT WARNING * * *
The storm dragon simulacrum freezes you!
You resist.
* * * LOW HITPOINT WARNING * * *
The storm dragon simulacrum tramples you!
* * * LOW HITPOINT WARNING * * *
You hold your ground!
Aim: a storm dragon simulacrum (noxious fumes, heavily damaged, empty space bonus: 5/8)
You feel a surge of power!
The air twists around and strikes the storm dragon simulacrum!
The storm dragon simulacrum closely misses you.
You block the storm dragon simulacrum's attack.
The storm dragon simulacrum misses you.
You block the storm dragon simulacrum's attack.
The storm dragon simulacrum claws you.
* * * LOW HITPOINT WARNING * * *
The storm dragon simulacrum freezes you!!
You resist.
* * * LOW HITPOINT WARNING * * *
The storm dragon simulacrum tramples you.
* * * LOW HITPOINT WARNING * * *
You hold your ground!
You feel much better. The storm dragon simulacrum bites you.
* * * LOW HITPOINT WARNING * * *
The storm dragon simulacrum freezes you!
You resist.
* * * LOW HITPOINT WARNING * * *
The storm dragon simulacrum claws you but does no damage.
The storm dragon simulacrum tramples you!
* * * LOW HITPOINT WARNING * * *
You hold your ground!
You feel better.
The storm dragon simulacrum barely misses you. x2
The storm dragon simulacrum closely misses you.
You block the storm dragon simulacrum's attack.
The storm dragon simulacrum claws you.
* * * LOW HITPOINT WARNING * * *
The storm dragon simulacrum freezes you!
You resist.
You die...

#### .##
##..##
....##....##
#.....§§§§☼#
......☼§☼Z§#
..##....§Z@#
###..☼§##
##..## ####


You could see 2 storm dragon simulacra.

Vanquished Creatures
  Gastronok (Lair:2)
  An orc warlord (Orc:2)
  14 hydras
  A boulder beetle (D:13)
  3 centaur warriors
  An anaconda (shapeshifter) (D:13)
  A catoblepas (D:13)
  10 two-headed ogres
  5 death yaks
  6 orc high priests
  Sonja (D:13)
  A wolf spider (D:15)
  A wizard (D:15)
  3 deep elf pyromancers
  An orc knight (D:15)
  An ugly thing (D:12)
  A deep elf zephyrmancer (Orc:2)
  A manticore (D:11)
  2 oklob plants (Lair:6)
  2 cyclopes
  18 elephants
  9 black mambas
  A cane toad (shapeshifter) (D:15)
  2 unseen horrors
  6 cane toads
  13 komodo dragons
  2 freezing wraiths
  2 kobold demonologists
  3 rime drakes
  2 efreet
  4 polar bears
  8 trolls
  A tyrant leech (D:11)
  7 hornets
  24 blink frogs
  4 slime creatures
  20 dream sheep
  A shadow (D:12)
  5 wyverns
  4 basilisks
  A wraith (D:12)
  14 spriggans
  2 steam dragons
  68 yaks
  5 vampire mosquitoes
  Edmund (D:6)
  6 wargs (Orc:2)
  A swamp drake (Orc:2)
  22 water moccasins
  7 black bears
  3 ice beasts
  A meliai simulacrum (D:14)
  14 orc warriors
  A necrophage (D:5)
  3 boggarts
  5 ogres
  26 wolves
  8 centaurs
  21 kobold brigands
  13 bullfrogs
  7 scorpions
  2 gnoll sergeants
  A water moccasin zombie (D:7)
  9 killer bees
  7 wights (D:9)
  2 howler monkeys
  An electric eel (Lair:4)
  A crimson imp (Orc:2)
  A jelly (D:8)
  An iron imp (Orc:2)
  6 centaur zombies
  38 orc priests
  3 hounds
  3 iguanas
  A gnoll shaman (D:5)
  18 orc wizards
  A scorpion zombie (D:5)
  A killer bee zombie (D:8)
  2 howler monkey zombies
  11 gnolls
  A howler monkey skeleton (D:5)
  11 adders
  3 river rats (Sewer)
  A shadow imp (D:8)
  2 white imps
  An adder skeleton (D:4)
  3 worms
  A dart slug (D:2)
  81 orcs
  5 ball pythons
  8 endoplasms
  4 giant cockroaches
  10 goblins
  4 hobgoblins
  5 quokkas
  5 bats
  3 frilled lizards
  27 kobolds
  A quokka skeleton (D:4)
  8 rats
715 creatures vanquished.

Vanquished Creatures (collateral kills)
  A golden dragon simulacrum (IceCv)
1 creature vanquished.

Vanquished Creatures (others)
  A wizard (D:8)
  A shadow imp (Orc:2)
  2 orcs (Orc:2)
  65 fungi
  78 plants
  5 withered plants
152 creatures vanquished.

Grand Total: 868 creatures vanquished

Notes
Turn   | Place    | Note
-------+----------+-------------------------------------------
     0 | D:1      | vurker the Demigod Air Elementalist began the quest for the
                  | Orb.
     0 | D:1      | Reached XP level 1. HP: 14/14 MP: 5/5
   230 | D:1      | Reached skill level 1 in Conjurations
   673 | D:2      | Reached skill level 2 in Spellcasting
   805 | D:2      | Reached XP level 2. HP: 22/22 MP: 1/7
  1024 | D:2      | Reached XP level 3. HP: 27/27 MP: 3/9
  1776 | D:3      | Found a glowing drain.
  1787 | D:3      | Reached skill level 1 in Fighting
  1845 | Sewer    | Entered a sewer
  1868 | Sewer    | Noticed a kobold brigand
  1882 | Sewer    | Killed a kobold brigand
  1883 | Sewer    | Reached XP level 4. HP: 17/35 MP: 1/11
  2095 | Sewer    | Noticed a kobold brigand
  2122 | Sewer    | Killed a kobold brigand
  2123 | Sewer    | Reached skill level 3 in Spellcasting
  2123 | Sewer    | Reached XP level 5. HP: 16/41 MP: 0/12
  2941 | Sewer    | Reached XP level 6. HP: 41/48 MP: 5/14
  3504 | D:3      | Found a runed translucent gate.
  3504 | D:3      | Found a runed translucent gate.
  3504 | D:3      | Found a runed translucent gate.
  3506 | D:3      | Noticed corax's ghost (amateur OpDe)
  3507 | D:3      | Noticed kal9871's ghost (amateur TrBe)
  3507 | D:3      | Noticed kae's ghost (amateur MfSu)
  3507 | D:3      | Noticed kal9871's ghost (amateur DrTm)
  4206 | D:3      | Reached skill level 4 in Spellcasting
  4335 | D:4      | Reached skill level 5 in Air Magic
  4335 | D:4      | Reached XP level 7. HP: 56/56 MP: 9/16
  4382 | D:4      | Learned a level 4 spell: Airstrike
  4437 | D:4      | You fall into a shaft and drop 2 floors!
  4899 | D:6      | Noticed Edmund
  4911 | D:6      | Killed Edmund
  5142 | D:5      | Entered Level 5 of the Dungeon
  5417 | D:5      | Reached skill level 5 in Spellcasting
  5430 | D:5      | Reached XP level 8. HP: 62/63 MP: 2/19
  6748 | D:5      | Found a staircase to the Ecumenical Temple.
  7195 | D:5      | Reached skill level 6 in Spellcasting
  8262 | D:7      | Reached XP level 9. HP: 72/72 MP: 9/22
  9204 | D:8      | Reached skill level 5 in Fighting
  9204 | D:8      | Reached skill level 7 in Spellcasting
  9522 | D:8      | Found a staircase to the Lair.
  9523 | D:8      | Noticed a komodo dragon
  9534 | D:8      | Killed a komodo dragon
  9770 | D:8      | Noticed a wizard
  9775 | D:8      | Killed a wizard
 10033 | D:9      | Found Vunkaota's Assorted Antiques.
 10079 | D:9      | Bought an orange potion for 23 gold pieces
 10079 | D:9      | Bought a murky grey potion for 23 gold pieces
 10079 | D:9      | Bought a green potion for 23 gold pieces
 10288 | D:9      | Noticed a kobold demonologist
 10349 | D:8      | Killed a kobold demonologist
 10427 | D:9      | Reached skill level 8 in Spellcasting
 10476 | D:9      | Reached XP level 10. HP: 83/83 MP: 18/26
 10567 | D:9      | Found Xanlen's Armour Emporium.
 10606 | D:9      | Found Ablokhloxath's Book Shoppe.
 10835 | D:9      | Identified a scroll of acquirement
 10835 | D:9      | Acquired a +2 hat of intelligence
 11224 | D:9      | Noticed a two-headed ogre
 11310 | D:9      | Killed a two-headed ogre
 11521 | D:9      | Reached skill level 9 in Spellcasting
 11521 | D:9      | Reached skill level 10 in Air Magic
 11750 | D:10     | Entered Level 10 of the Dungeon
 11750 | D:10     | Noticed a two-headed ogre
 11754 | D:10     | Killed a two-headed ogre
 11857 | D:10     | Found a staircase to the Orcish Mines.
 12224 | D:10     | Noticed a two-headed ogre
 12229 | D:10     | Killed a two-headed ogre
 12230 | D:10     | Reached XP level 11. HP: 69/92 MP: 2/28
 13122 | Orc:1    | Entered Level 1 of the Orcish Mines
 13246 | Orc:1    | Reached skill level 1 in Shields
 13296 | Orc:1    | You fall into a shaft and drop 1 floor!
 13296 | Orc:2    | Entered Level 2 of the Orcish Mines
 13601 | Orc:1    | Found Joaros's Jewellery Shoppe.
 14125 | D:11     | Noticed a two-headed ogre
 14127 | D:11     | Reached skill level 10 in Spellcasting
 14250 | D:11     | Noticed a boulder beetle
 15208 | D:11     | Noticed a two-headed ogre
 15220 | D:11     | Killed a two-headed ogre
 15265 | D:11     | Killed a two-headed ogre
 16065 | D:11     | a boulder beetle changed into a tyrant leech
 16766 | Lair:1   | Entered Level 1 of the Lair of Beasts
 16897 | Lair:1   | Noticed a six-headed hydra
 16909 | Lair:1   | Killed a six-headed hydra
 17398 | Lair:1   | Reached XP level 12. HP: 101/101 MP: 23/31
 17461 | Lair:1   | Identified the +7 war axe "Muotaste" {venom, rC+ rN++ Int-5
                  | Stlth+}
 17787 | Lair:2   | Noticed Tribosh's ghost (journeyman OpFi)
 17809 | Lair:2   | Found a one-way gate to the infinite horrors of the Abyss.
 17812 | Lair:2   | Found a transporter.
 17815 | Lair:2   | Found a transporter.
 17974 | Lair:2   | Noticed a seven-headed hydra
 17978 | Lair:2   | Killed a seven-headed hydra
 17979 | Lair:2   | Reached skill level 11 in Spellcasting
 17982 | Lair:2   | Noticed Gastronok
 18525 | Lair:2   | Learned a level 9 spell: Shatter
 18525 | Lair:2   | Reached XP level 13. HP: 108/108 MP: 32/32
 18870 | Lair:2   | Killed Gastronok
 19074 | Lair:2   | Found a hole to the Spider Nest.
 21752 | Lair:4   | Found a staircase to the Swamp.
 21901 | Lair:4   | Reached skill level 12 in Spellcasting
 22571 | Lair:4   | Identified the +2 long sword "Ruarubov" {speed, rElec
                  | Str+7}
 23320 | Lair:5   | Reached XP level 14. HP: 68/118 MP: 26/35
 25559 | Lair:6   | Entered Level 6 of the Lair of Beasts
 26012 | Lair:6   | Found a runed translucent gate.
 26013 | Lair:6   | Found a runed translucent gate.
 26014 | Lair:6   | Found a runed translucent gate.
 26019 | Lair:6   | Reached skill level 10 in Earth Magic
 26024 | Lair:6   | Noticed kae's ghost (journeyman DrTm)
 26748 | Lair:6   | Found a staircase to the Slime Pits.
 26764 | Lair:6   | Reached skill level 13 in Spellcasting
 27700 | Lair:5   | Reached skill level 10 in Fighting
 29446 | Lair:6   | Found a staircase to the Slime Pits.
 30496 | Orc:2    | Noticed an orc warlord
 31159 | Orc:1    | Reached XP level 15. HP: 118/127 MP: 16/37
 31553 | Orc:2    | Found Ton Dituem's Antique Weapon Emporium.
 31553 | Orc:2    | Found Sesk's Weapon Shop.
 32182 | Orc:2    | Found a staircase to the Elven Halls.
 32626 | Orc:2    | Found Ocwumo's Armour Emporium.
 32626 | Orc:2    | Found Fuenoz's Antique Weapon Shop.
 32765 | Orc:2    | Bought the +0 leather armour of Erghuel {rF++ rC+ Regen+}
                  | for 469 gold pieces
 32811 | Orc:1    | Bought the ring "Ugiory" {rF+ rN+ MP+9 SInv} for 742 gold
                  | pieces
 32889 | D:9      | Bought a +2 buckler of protection for 236 gold pieces
 34229 | D:13     | Reached skill level 14 in Spellcasting
 34554 | D:13     | Found a gate to the Vaults.
 34583 | D:13     | Noticed Sonja
 34587 | D:13     | Killed Sonja
 34976 | D:13     | You fall into a shaft and drop 2 floors!
 34976 | D:15     | Entered Level 15 of the Dungeon
 35232 | D:14     | Found a frozen archway.
 35269 | IceCv    | Entered an ice cave
 35283 | IceCv    | HP: 6/128 [storm dragon simulacrum (6)]
 35285 | IceCv    | Slain by a storm dragon simulacrum

Illustrated notes

Levels and vault maps discovered:
D:1:      dpeg_arrival_refuge, layout_basic
D:2:      layout_loops_ring, basic_ecumenical_altar, basic_altar
D:3:      layout_loops_ring, gammafunk_ghost_cemetery, gup_sewer_entry_glass,
          minmay_misc_feat_tower
D:4:      layout_rooms
D:5:      layout_rooms, minmay_temple_entry_antechambers, glass_columns_a,
          kennysheep_doodads
D:6:      layout_rooms, nicolae_uskayaw_dance_hall, grunt_ministairs_11,
          minmay_fountain_box, minmay_ogre_servants, uniq_edmund
D:7:      layout_basic
D:8:      layout_gridville, trog_wizard, nzn_wu_jian_contemplation,
          chequers_temple_overflow_statue_of_worship, david_lair_shrubbed,
          hangedman_decor_riveting
D:9:      layout_roguey [special_room_kobold], grunt_gozag_statues,
          serial_shops, shop, nicolae_shop_trees, shop
D:10:     layout_roguey, orc_0_dummy
D:11:     layout_long_grid, hangedman_corner_corridor
D:12:     layout_layer_cave
D:13:     layout_basic, david_vaults_4, uniq_sonja
D:14:     layout_rooms, roderic_st_hans_cross, portal_ice_cave_entry_pillars_2,
          serial_shops, nicolae_shop_competitors_out_of_business,
          minmay_hedge_maze
D:15:     gammafunk_depths_entry_grave, layout_loops_ring,
          chequers_serial_rivers_large_a, hangedman_decor_clover_reticule,
          corner_web_ring, st_stairs_5, serial_bayou_pond_b, tso_metal_star
Lair:1:   layout_gridlike, beast_lair_carwin_1
Lair:2:   layout_roguey, nicolae_spider_entry_non_spiders,
          gammafunk_ghost_abyssal_escape, minivault_26, lemuel_fruit_tree,
          uniq_gastronok
Lair:3:   layout_regular_city, nicolae_volcano_entry_two_sided,
          lemuel_fruit_fields
Lair:4:   layout_loops_ring, swamp_mist_pool
Lair:5:   layout_loops_ring, minmay_stone_trees_small,
          nicolae_quartered_pool_medium, beast_lair_carwin_10,
          grunt_megastairs_5, serial_bayou_shore_a
Lair:6:   minmay_lair_end_enchanted_forest, layout_hall_layers,
          minmay_slime_entry_oklob_open, maelrawn_ghost_gauntlet_escape
Orc:1:    layout_caves, serial_shops, shop
Orc:2:    st_orc_town, layout_caves, hangedman_minor_magic
IceCv:    ice_cave_small_dragons

Skill      XL: |  1  2  3  4  5  6  7  8  9 10 11 12 13 14 15 |
---------------+----------------------------------------------+-----
Conjurations   | 1 2 3 |  3.0
Spellcasting   | 2 3 4 5 6 8 9 10 11 12 13 14 | 14.2
Air Magic      | 3 4 5 6 7 9 10 11 12 13 | 13.9
Fighting       | 1 2 3 4 5 7 8 9 10 | 10.9
Shields        | 3 4 |  4.0
Earth Magic    | 6 8 11 12 | 12.1
Dodging        | |  1.7
Stealth        | |  1.7

Action                   |  1- 3 |  4- 6 |  7- 9 | 10-12 | 13-15 || total
-------------------------+-------+-------+-------+-------+-------++-------
Melee: Dagger            |       |     5 |       |       |       ||     5
       Short sword       |       |       |     3 |       |       ||     3
       Staff             |       |       |       |     2 |     2 ||     4
 Cast: Shock             |    72 |   114 |    34 |   102 |   112 ||   434
       Airstrike         |       |       |   159 |   262 |   891 ||  1312
Evoke: Wand              |       |       |     1 |     6 |     5 ||    12
       Condenser vane    |       |       |       |     1 |     3 ||     4
       Phantom mirror    |       |       |       |     1 |     1 ||     2
  Use: Potion            |     2 |       |       |     2 |     6 ||    10
       Scroll            |       |       |    20 |     9 |     3 ||    32
Armor: Robe              |     4 |       |     5 |    39 |    81 ||   129
       Skin              |     7 |       |       |       |       ||     7
       Leather armour    |       |       |       |       |    26 ||    26
Dodge: Dodged            |     9 |    15 |    25 |    79 |   193 ||   321
Block: Buckler           |       |       |       |    22 |    92 ||   114

Table legend: (Time is in decaauts)
 A = Elapsed time spent in this place.
 B = Non-inter-level travel time spent in this place.
 C = Inter-level travel time spent in this place.
 D = Time resting spent in this place.
 E = Time spent auto-exploring this place.
 F = Levels seen in this place.
 G = Mean time per level.
                   A        B        C        D        E       F      G
               +--------+--------+--------+--------+--------+-----+--------+
         Total |  35521 |  33869 |   1652 |   3280 |  25743 |  25 | 1420.8 |
       Dungeon |  17198 |  16088 |   1110 |   1326 |  12625 |  15 | 1146.5 |
          Lair |  13657 |  13202 |    455 |   1319 |   9933 |   6 | 2276.2 |
  Orcish Mines |   2879 |   2793 |     86 |    635 |   1614 |   2 | 1439.5 |
         Sewer |   1769 |   1769 |      0 |      0 |   1570 |   1 | 1769.0 |
      Ice Cave |     15 |     15 |      0 |      0 |      0 |   1 |   15.0 |
               +--------+--------+--------+--------+--------+-----+--------+

Top non-repeatable levels by time:
  Lair:6: 3691 daAuts
  Lair:5: 3155 daAuts
  Lair:4: 2351 daAuts
    D:11: 2329 daAuts
    D:10: 2139 daAuts
  Lair:3: 1966 daAuts
     D:6: 1880 daAuts
   Sewer: 1769 daAuts
   Orc:2: 1606 daAuts
     D:8: 1552 daAuts
     D:9: 1551 daAuts
  Lair:2: 1276 daAuts
   Orc:1: 1273 daAuts
  Lair:1: 1217 daAuts
     D:4: 1137 daAuts
